Pittsburgh Penguins vs New York Rangers
Created - Thursday, November 23, 2023 at 06:19
Goals
|
| Pittsburgh Penguins |
3 |
1 |
1 |
5 |
| New York Rangers |
1 |
1 |
1 |
3 |
|
Shots
|
| Pittsburgh Penguins |
14 |
9 |
14 |
37 |
| New York Rangers |
7 |
15 |
13 |
35 |
|
1st period
1. New York Rangers , Mikael Granlund 20 (Gabriel Landeskog 25) at 3:10 (PP)
2. Pittsburgh Penguins , Ryan Johansen 7 (Jordan Eberle 10) at 3:40
3. Pittsburgh Penguins , Erik Karlsson 3 (Pavel Buchnevich 31, Sam Reinhart 36) at 10:19
4. Pittsburgh Penguins , Pavel Buchnevich 23 (Sam Reinhart 37, Phillip Danault 24) at 12:45
Penalties :
Pavel Buchnevich (PIT) for Slashing (Minor) at 2:32, Jake McCabe (NYR) for Tripping (Minor) at 4:45
2nd period
5. Pittsburgh Penguins , Jordan Eberle 7 (Ryan Johansen 17, Anders Lee 16) at 2:16
6. New York Rangers , Pierre-Luc Dubois 26 (Cole Caufield 25, Adam Larsson 25) at 6:03
Penalties :
Tom Wilson (PIT) for Hooking (Minor) at 8:53, Phillip Danault (PIT) for Hooking (Minor) at 12:16
3rd period
7. Pittsburgh Penguins , Phillip Danault 8 (Pavel Buchnevich 32, Sam Reinhart 38) at 5:43
8. New York Rangers , Andre Burakovsky 19 (Dmitry Kulikov 12, Filip Chytil 20) at 16:42
Penalties :
Phillip Danault (PIT) for High sticking (Minor) at 7:39, Pavel Buchnevich (PIT) for Interference (Minor) at 14:07
Goalie Stats
Marc-Andre Fleury (PIT), 32 saves from 35 shots - (0.914), W, 27-20-8, 60:00 minutes
Igor Shesterkin (NYR), 32 saves from 37 shots - (0.865), L, 38-8-5, 60:00 minutes
Players Stats for Pittsburgh Penguins
Player Name G A P +/- PIM S H SB GA TA FO MP PP MP PK MP
------------------------------------------------------------------------------------
Alexander Edler 0 0 0 -1 0 2 0 1 0 2 0/0 16:02 0:00 0:00
Anders Lee 0 1 1 2 0 3 2 0 1 0 1/2 14:38 0:54 0:13
Brian Dumoulin 0 0 0 1 0 0 0 2 0 0 0/0 22:18 1:11 4:21
Colton Sissons 0 0 0 0 0 1 2 1 0 0 0/4 12:25 0:00 4:02
Erik Gudbranson 0 0 0 -1 0 1 1 2 0 0 0/0 20:00 0:00 4:13
Erik Karlsson 1 0 1 3 0 1 2 0 1 0 0/0 21:40 0:48 4:13
Gabriel Vilardi 0 0 0 0 0 1 0 0 0 1 0/1 8:13 0:00 0:03
Jean-Gabriel Pageau 0 0 0 -1 0 1 0 0 0 0 8/17 18:42 0:54 4:02
Jordan Eberle 1 1 2 2 0 5 1 0 1 0 0/2 13:26 0:00 0:00
Leon Draisaitl 0 0 0 -1 0 4 1 0 2 0 1/3 19:26 1:05 4:29
Mattias Ekholm 0 0 0 3 0 0 0 0 1 0 0/0 23:28 1:11 4:21
Mitchell Marner 0 0 0 -1 0 6 0 1 3 0 0/0 14:38 1:05 0:00
Pavel Buchnevich 1 2 3 2 4 5 0 0 2 1 0/1 17:06 1:05 1:58
Phillip Danault 1 1 2 2 4 1 1 0 0 0 13/20 16:19 0:00 2:21
Ryan Johansen 1 1 2 2 0 2 0 1 1 0 12/18 13:26 0:00 0:00
Ryan Suter 0 0 0 1 0 0 0 1 0 0 0/0 16:32 0:48 0:00
Sam Reinhart 0 3 3 2 0 2 1 0 2 0 0/2 14:40 0:54 0:00
Tom Wilson 0 0 0 0 2 2 0 0 0 0 0/0 8:22 0:00 0:00
Players Stats for New York Rangers
Player Name G A P +/- PIM S H SB GA TA FO MP PP MP PK MP
------------------------------------------------------------------------------------
Adam Larsson 0 1 1 -1 0 1 2 3 0 1 0/0 24:04 5:34 0:57
Andre Burakovsky 1 0 1 0 0 3 0 0 0 1 0/1 14:48 3:00 0:00
Artemi Panarin 0 0 0 -3 0 4 1 2 0 0 0/0 20:41 4:49 0:00
Cam Fowler 0 0 0 -1 0 0 0 1 1 1 0/0 16:44 0:00 0:00
Cole Caufield 0 1 1 1 0 3 0 1 0 0 1/2 15:05 0:00 0:00
Conor Garland 0 0 0 0 0 1 1 0 0 0 0/0 8:34 0:00 1:00
David Kampf 0 0 0 0 0 2 1 0 0 0 3/5 11:50 3:45 0:56
Dmitry Kulikov 0 1 1 -1 0 2 1 1 0 1 0/0 16:10 0:00 1:02
Filip Chytil 0 1 1 0 0 0 1 0 1 0 8/16 12:02 0:11 0:00
Gabriel Landeskog 0 1 1 -1 0 2 0 0 0 0 1/2 15:15 3:45 0:00
Jake McCabe 0 0 0 -1 2 0 1 0 0 4 0/0 15:55 0:00 0:00
Mark Giordano 0 0 0 -1 0 0 1 0 0 3 0/0 20:19 3:00 0:57
Mathew Barzal 0 0 0 -3 0 3 0 0 0 0 0/0 21:44 5:34 0:03
Matthew Benning 0 0 0 -1 0 2 1 0 0 0 0/0 16:58 0:00 1:02
Mikael Granlund 1 0 1 0 0 6 1 0 1 1 3/7 18:58 3:34 1:00
Nathan MacKinnon 0 0 0 -3 0 3 2 0 1 0 9/22 20:41 4:49 0:00
Pierre-Luc Dubois 1 0 1 0 0 3 2 0 0 1 10/15 19:45 4:49 0:10
Tyler Motte 0 0 0 0 0 0 2 0 0 1 0/0 8:27 0:00 0:49
3 Stars
1 - Jordan Eberle (PIT)
2 - Sam Reinhart (PIT)
3 - Ryan Johansen (PIT)
Power Play
Pittsburgh Penguins - 0 on 1 Attempt(s) - 0.00%
New York Rangers - 1 on 5 Attempt(s) - 20.00%
Penalty Kill
Pittsburgh Penguins - 4 on 5 Attempt(s) - 80.00%
- Score 0 goal in Penalty Kill
New York Rangers - 1 on 1 Attempt(s) - 100.00%
- Score 0 goal in Penalty Kill
Team Stat
Pittsburgh Penguins - Hits : 11 - Faceoff Wins : 35 - Blocked Shots : 9 - Penalty Minutes : 10
New York Rangers - Hits : 17 - Faceoff Wins : 35 - Blocked Shots : 8 - Penalty Minutes : 2
Official
Referees : Steve Kozari and Justin StPierre
Linesman : Shane Heyer and Matt MacPherson
Game Notes
No Game Note
Finance
Level 1 -- Attendance: 4904 (81.73%) -- Ticket Income $500,208
Level 2 -- Attendance: 3642 (72.84%) -- Ticket Income $229,446
Level 3 -- Attendance: 1969 (65.63%) -- Ticket Income $80,729
Level 4 -- Attendance: 3548 (70.96%) -- Ticket Income $99,344
Luxury Box -- Attendance: 779 (77.90%) -- Ticket Income $151,905
Game was played at the Madison Square Garden.
Total Attendance: 14842 (74.21%)
Total Ticket Income: $1,061,632
Other Income: $371,571
Total Income: $1,433,203
Pittsburgh Penguins
5 vs 5 Forward
Center Left Wing Right Wing Time % Phy DF OF
1 Jean-Gabriel Pageau Leon Draisaitl Mitchell Marner 30 1 2 2
2 Phillip Danault Pavel Buchnevich Sam Reinhart 30 1 2 2
3 Ryan Johansen Anders Lee Jordan Eberle 25 1 2 2
4 Colton Sissons Gabriel Vilardi Tom Wilson 15 1 2 2
5 vs 5 Defense
Defense Defense Time % Phy DF OF
1 Erik Karlsson Mattias Ekholm 30 1 2 2
2 Ryan Suter Brian Dumoulin 30 1 2 2
3 Erik Gudbranson Alexander Edler 30 1 2 2
4 Erik Karlsson Mattias Ekholm 10 1 2 2
PowerPlay Forward
Center Left Wing Right Wing Time % Phy DF OF
1 Leon Draisaitl Pavel Buchnevich Mitchell Marner 50 0 2 3
2 Jean-Gabriel Pageau Anders Lee Sam Reinhart 50 1 2 2
PowerPlay Defense
Defense Defense Time % Phy DF OF
1 Erik Karlsson Ryan Suter 50 1 2 2
2 Mattias Ekholm Brian Dumoulin 50 1 2 2
Penalty Kill 4 Players Forward
Center Wing Time % Phy DF OF
1 Leon Draisaitl Phillip Danault 50 1 2 2
2 Jean-Gabriel Pageau Colton Sissons 50 1 2 2
Penalty Kill 4 Players Defense
Defense Defense Time % Phy DF OF
1 Mattias Ekholm Brian Dumoulin 50 1 2 2
2 Erik Gudbranson Erik Karlsson 50 1 2 2
Penalty Kill - 3 Players Forward
Forward Time % Phy DF OF
1 Leon Draisaitl 50 1 2 2
2 Mitchell Marner 50 1 2 2
Penalty Kill - 3 Players Defense
Defense Defense Time % Phy DF OF
1 Erik Gudbranson Erik Karlsson 50 1 2 2
2 Mattias Ekholm Brian Dumoulin 50 1 2 2
4 vs 4 Forward
Center Wing Time % Phy DF OF
1 Leon Draisaitl Mitchell Marner 50 1 2 2
2 Sam Reinhart Pavel Buchnevich 50 1 2 2
4 vs 4 Defense
Defense Defense Time % Phy DF OF
1 Erik Karlsson Ryan Suter 50 1 2 2
2 Mattias Ekholm Brian Dumoulin 50 1 2 2
Last Minutes Offensive
Center Left Wing Right Wing Defense Defense
Leon Draisaitl Pavel Buchnevich Mitchell Marner Erik Karlsson Mattias Ekholm
Last Minutes Defensive
Center Left Wing Right Wing Defense Defense
Leon Draisaitl Pavel Buchnevich Mitchell Marner Erik Karlsson Mattias Ekholm
Goaltenders
Starting : Marc-Andre Fleury
Backup : Akira Schmid
Extra Forwards
Normal : Tom Wilson, Gabriel Vilardi, Phillip Danault - PP : Tom Wilson, Gabriel Vilardi - PK : Phillip Danault
Extra Defensemen
Normal : Erik Gudbranson, Brian Dumoulin, Alexander Edler - PP : Erik Gudbranson - PK : Erik Karlsson, Alexander Edler
Penalty Shots
Leon Draisaitl, Mitchell Marner, Sam Reinhart, Pavel Buchnevich, Jean-Gabriel Pageau
New York Rangers
5 vs 5 Forward
Center Left Wing Right Wing Time % Phy DF OF
1 Nathan MacKinnon Artemi Panarin Mathew Barzal 35 0 1 4
2 Pierre-Luc Dubois Cole Caufield Mikael Granlund 30 1 1 3
3 Filip Chytil Andre Burakovsky Gabriel Landeskog 23 1 2 2
4 David Kampf Conor Garland Tyler Motte 12 1 3 1
5 vs 5 Defense
Defense Defense Time % Phy DF OF
1 Cam Fowler Adam Larsson 35 1 2 2
2 Dmitry Kulikov Mark Giordano 33 1 2 2
3 Matthew Benning Jake McCabe 32 1 2 2
4 Cam Fowler Adam Larsson 0 1 2 2
PowerPlay Forward
Center Left Wing Right Wing Time % Phy DF OF
1 Pierre-Luc Dubois Nathan MacKinnon Artemi Panarin 50 0 1 4
2 Mikael Granlund Gabriel Landeskog David Kampf 50 0 1 4
PowerPlay Defense
Defense Defense Time % Phy DF OF
1 Mathew Barzal Adam Larsson 60 1 1 3
2 Andre Burakovsky Mark Giordano 40 1 1 3
Penalty Kill 4 Players Forward
Center Wing Time % Phy DF OF
1 David Kampf Tyler Motte 50 1 3 1
2 Mikael Granlund Conor Garland 50 1 3 1
Penalty Kill 4 Players Defense
Defense Defense Time % Phy DF OF
1 Matthew Benning Dmitry Kulikov 50 1 3 1
2 Adam Larsson Mark Giordano 50 1 3 1
Penalty Kill - 3 Players Forward
Forward Time % Phy DF OF
1 Mikael Granlund 50 1 2 2
2 David Kampf 50 1 2 2
Penalty Kill - 3 Players Defense
Defense Defense Time % Phy DF OF
1 Matthew Benning Dmitry Kulikov 50 1 3 1
2 Adam Larsson Mark Giordano 50 1 3 1
4 vs 4 Forward
Center Wing Time % Phy DF OF
1 Nathan MacKinnon Artemi Panarin 50 0 2 3
2 Pierre-Luc Dubois Mathew Barzal 50 0 2 3
4 vs 4 Defense
Defense Defense Time % Phy DF OF
1 Cam Fowler Adam Larsson 50 1 2 2
2 Dmitry Kulikov Mark Giordano 50 1 2 2
Last Minutes Offensive
Center Left Wing Right Wing Defense Defense
Nathan MacKinnon Artemi Panarin Pierre-Luc Dubois Cam Fowler Adam Larsson
Last Minutes Defensive
Center Left Wing Right Wing Defense Defense
David Kampf Tyler Motte Mikael Granlund Dmitry Kulikov Adam Larsson
Goaltenders
Starting : Igor Shesterkin
Backup : Tristan Jarry
Extra Forwards
Normal : Nathan MacKinnon, Pierre-Luc Dubois, Gabriel Landeskog - PP : Gabriel Landeskog, Nathan MacKinnon - PK : David Kampf
Extra Defensemen
Normal : Matthew Benning, Jake McCabe, Dmitry Kulikov - PP : Matthew Benning - PK : Jake McCabe, Dmitry Kulikov
Penalty Shots
Artemi Panarin, Mikael Granlund, Pierre-Luc Dubois, Mark Giordano, Nathan MacKinnon
% Time on Ice - Pittsburgh Penguins
Lines # - Real PCT - Wanted PCT - Time Play
Normal Forward
1 - 28% - 30% - 13:52
2 - 28% - 30% - 13:59
3 - 27% - 25% - 13:26
4 - 17% - 15% - 8:10
Normal Defense
1 - 30% - 30% - 14:48
2 - 31% - 30% - 15:32
3 - 32% - 30% - 16:02
4 - 6% - 10% - 3:05
PP Forward
1 - 55% - 50% - 1:05
2 - 45% - 50% - 0:54
PP Defense
1 - 40% - 50% - 0:48
2 - 60% - 50% - 1:11
PK Forward
1 - 53% - 50% - 4:32
2 - 47% - 50% - 4:02
PK Defense
1 - 51% - 50% - 4:21
2 - 49% - 50% - 4:13
PK3 Forward
1 - 0% - 50%
2 - 0% - 50%
PK3 Defense
1 - 0% - 50%
2 - 0% - 50%
44 Forward
1 - 0% - 50%
2 - 0% - 50%
44 Defense
1 - 0% - 50%
2 - 0% - 50%
Last Minute Offensive - 0:00
Last Minute Defensive - 0:00
Total
Forward - 60:00
Defense - 60:00
|
% Time on Ice - New York Rangers
Lines # - Real PCT - Wanted PCT - Time Play
Normal Forward
1 - 32% - 35% - 15:52
2 - 29% - 30% - 14:26
3 - 23% - 23% - 11:35
4 - 15% - 12% - 7:34
Normal Defense
1 - 35% - 35% - 17:09
2 - 33% - 33% - 16:22
3 - 32% - 32% - 15:56
4 - 0% - 0% - 0:00
PP Forward
1 - 56% - 50% - 4:49
2 - 44% - 50% - 3:45
PP Defense
1 - 65% - 60% - 5:34
2 - 35% - 40% - 3:00
PK Forward
1 - 50% - 50% - 0:59
2 - 50% - 50% - 1:00
PK Defense
1 - 52% - 50% - 1:02
2 - 48% - 50% - 0:57
PK3 Forward
1 - 0% - 50%
2 - 0% - 50%
PK3 Defense
1 - 0% - 50%
2 - 0% - 50%
44 Forward
1 - 0% - 50%
2 - 0% - 50%
44 Defense
1 - 0% - 50%
2 - 0% - 50%
Last Minute Offensive - 0:00
Last Minute Defensive - 0:00
Total
Forward - 60:00
Defense - 60:00
|
Play-by-Play
1st period
0:01 of 1st period - Nathan MacKinnon wins face-off versus Jean-Gabriel Pageau in neutral zone.
0:30 of 1st period - Jean-Gabriel Pageau is hit by Adam Larsson and loses puck.
0:43 of 1st period - Wrist shot by Leon Draisaitl.
0:43 of 1st period - Deflect By Mitchell Marner.
0:43 of 1st period - Shot Misses the Net.
0:43 of 1st period - Puck is out of play.
0:44 of 1st period - Pierre-Luc Dubois wins face-off versus Phillip Danault in New York Rangers zone.
0:58 of 1st period - Ryan Suter is hit by Mikael Granlund and loses puck.
1:23 of 1st period - Snap shot by Pierre-Luc Dubois.
1:23 of 1st period - Stopped by Marc-Andre Fleury with a rebound.
1:59 of 1st period - Snap shot by Cole Caufield.
1:59 of 1st period - Stopped by Marc-Andre Fleury without a rebound.
2:00 of 1st period - Nathan MacKinnon wins face-off versus Jordan Eberle in Pittsburgh Penguins zone.
2:03 of 1st period - Slapshot by Artemi Panarin.
2:03 of 1st period - Stopped by Marc-Andre Fleury with a rebound.
2:07 of 1st period - Slapshot by Artemi Panarin.
2:07 of 1st period - Shot Misses the Net.
2:09 of 1st period - Wrist shot by Matthew Benning.
2:09 of 1st period - Shot Blocked by Erik Gudbranson.
2:15 of 1st period - Wrist shot by Artemi Panarin.
2:15 of 1st period - Stopped by Marc-Andre Fleury with a rebound.
2:17 of 1st period - Wrist shot by Nathan MacKinnon.
2:17 of 1st period - Shot Blocked by Ryan Johansen.
2:29 of 1st period - Icing by Matthew Benning.
2:30 of 1st period - Phillip Danault wins face-off versus David Kampf in New York Rangers zone.
2:32 of 1st period - Minor Penalty to Pavel Buchnevich for Slashing.
2:33 of 1st period - Pierre-Luc Dubois wins face-off versus Leon Draisaitl in Pittsburgh Penguins zone.
2:49 of 1st period - Leon Draisaitl is hit by Nathan MacKinnon and loses puck.
3:10 of 1st period - Snap shot by Mikael Granlund.
3:10 of 1st period - Goal by Mikael Granlund - Pittsburgh Penguins : 0 - New York Rangers : 1.
3:11 of 1st period - Filip Chytil wins face-off versus Phillip Danault in neutral zone.
3:24 of 1st period - Off-side.
3:25 of 1st period - Ryan Johansen wins face-off versus Nathan MacKinnon in neutral zone.
3:30 of 1st period - Backhand shot by Jordan Eberle.
3:30 of 1st period - Deflect By Nathan MacKinnon.
3:30 of 1st period - Shot Misses the Net.
3:30 of 1st period - Puck is out of play.
3:31 of 1st period - Ryan Johansen wins face-off versus Nathan MacKinnon in New York Rangers zone.
3:32 of 1st period - Snap shot by Jordan Eberle.
3:32 of 1st period - Stopped by Igor Shesterkin without a rebound.
3:33 of 1st period - Nathan MacKinnon wins face-off versus Ryan Johansen in New York Rangers zone.
3:40 of 1st period - Snap shot by Ryan Johansen.
3:40 of 1st period - Goal by Ryan Johansen - Pittsburgh Penguins : 1 - New York Rangers : 1.
3:41 of 1st period - Jean-Gabriel Pageau wins face-off versus Filip Chytil in neutral zone.
3:52 of 1st period - Snap shot by Mitchell Marner.
3:52 of 1st period - Shot Blocked by Cam Fowler.
4:45 of 1st period - Minor Penalty to Jake McCabe for Tripping.
4:46 of 1st period - David Kampf wins face-off versus Leon Draisaitl in New York Rangers zone.
4:57 of 1st period - Snap shot by Mitchell Marner.
4:57 of 1st period - Stopped by Igor Shesterkin without a rebound.
4:58 of 1st period - Anders Lee wins face-off versus Mikael Granlund in New York Rangers zone.
5:32 of 1st period - Slapshot by Mitchell Marner.
5:32 of 1st period - Stopped by Igor Shesterkin with a rebound.
5:34 of 1st period - Snap shot by Pavel Buchnevich.
5:34 of 1st period - Shot Misses the Net.
5:36 of 1st period - Slapshot by Mattias Ekholm.
5:36 of 1st period - Shot Hit the Post.
6:45 of 1st period - Penalty to Jake McCabe is over, Jake McCabe is back on ice.
6:47 of 1st period - Icing by David Kampf.
6:48 of 1st period - Nathan MacKinnon wins face-off versus Colton Sissons in New York Rangers zone.
7:15 of 1st period - Jake McCabe is hit by Anders Lee.
8:07 of 1st period - Mattias Ekholm is hit by Tyler Motte and loses puck.
8:22 of 1st period - Phillip Danault is hit by Dmitry Kulikov and loses puck.
8:49 of 1st period - Colton Sissons is hit by Filip Chytil.
9:22 of 1st period - Off-side.
9:23 of 1st period - Phillip Danault wins face-off versus Nathan MacKinnon in neutral zone.
9:40 of 1st period - Wrist shot by Pavel Buchnevich.
9:40 of 1st period - Stopped by Igor Shesterkin without a rebound.
9:41 of 1st period - Jean-Gabriel Pageau wins face-off versus Pierre-Luc Dubois in New York Rangers zone.
10:08 of 1st period - Mathew Barzal is hit by Sam Reinhart and loses puck.
10:17 of 1st period - Slapshot by Pavel Buchnevich.
10:17 of 1st period - Stopped by Igor Shesterkin with a rebound.
10:19 of 1st period - Slapshot by Erik Karlsson.
10:19 of 1st period - Deflect By Artemi Panarin.
10:19 of 1st period - Goal by Erik Karlsson - Pittsburgh Penguins : 2 - New York Rangers : 1.
10:20 of 1st period - Filip Chytil wins face-off versus Jean-Gabriel Pageau in neutral zone.
10:22 of 1st period - Off-side.
10:23 of 1st period - Filip Chytil wins face-off versus Jean-Gabriel Pageau in neutral zone.
11:20 of 1st period - Snap shot by Nathan MacKinnon.
11:20 of 1st period - Stopped by Marc-Andre Fleury with a rebound.
12:39 of 1st period - Snap shot by Tom Wilson.
12:39 of 1st period - Stopped by Igor Shesterkin without a rebound.
12:40 of 1st period - Phillip Danault wins face-off versus Nathan MacKinnon in New York Rangers zone.
12:45 of 1st period - Wrist shot by Pavel Buchnevich.
12:45 of 1st period - Goal by Pavel Buchnevich - Pittsburgh Penguins : 3 - New York Rangers : 1.
12:46 of 1st period - Ryan Johansen wins face-off versus Nathan MacKinnon in neutral zone.
13:12 of 1st period - Phillip Danault is hit by Adam Larsson and loses puck.
13:54 of 1st period - Ryan Suter is hit by Jake McCabe and loses puck.
15:17 of 1st period - Off-side.
15:18 of 1st period - Nathan MacKinnon wins face-off versus Ryan Johansen in neutral zone.
15:21 of 1st period - Erik Karlsson is hit by Matthew Benning and loses puck.
15:32 of 1st period - Wrist shot by Nathan MacKinnon.
15:32 of 1st period - Shot Misses the Net.
15:49 of 1st period - Slapshot by Sam Reinhart.
15:49 of 1st period - Stopped by Igor Shesterkin without a rebound.
15:50 of 1st period - Filip Chytil wins face-off versus Phillip Danault in New York Rangers zone.
16:21 of 1st period - Snap shot by Jordan Eberle.
16:21 of 1st period - Shot Misses the Net.
16:23 of 1st period - Snap shot by Alexander Edler.
16:23 of 1st period - Shot Misses the Net.
16:25 of 1st period - Slapshot by Erik Gudbranson.
16:25 of 1st period - Stopped by Igor Shesterkin with a rebound.
16:27 of 1st period - Slapshot by Erik Gudbranson.
16:27 of 1st period - Shot Misses the Net.
16:29 of 1st period - Slapshot by Jordan Eberle.
16:29 of 1st period - Stopped by Igor Shesterkin without a rebound.
16:30 of 1st period - Jean-Gabriel Pageau wins face-off versus Nathan MacKinnon in New York Rangers zone.
16:31 of 1st period - Wrist shot by Mitchell Marner.
16:31 of 1st period - Stopped by Igor Shesterkin with a rebound.
16:39 of 1st period - Snap shot by Leon Draisaitl.
16:39 of 1st period - Deflect By Mitchell Marner.
16:39 of 1st period - Shot Blocked by Artemi Panarin.
16:39 of 1st period - Puck is out of play.
16:40 of 1st period - Nathan MacKinnon wins face-off versus Jean-Gabriel Pageau in New York Rangers zone.
17:37 of 1st period - Wrist shot by Nathan MacKinnon.
17:37 of 1st period - Shot Misses the Net.
17:57 of 1st period - Wrist shot by Nathan MacKinnon.
17:57 of 1st period - Stopped by Marc-Andre Fleury with a rebound.
18:48 of 1st period - Wrist shot by Mitchell Marner.
18:48 of 1st period - Shot Misses the Net.
18:50 of 1st period - Wrist shot by Jean-Gabriel Pageau.
18:50 of 1st period - Shot Misses the Net.
19:26 of 1st period - Snap shot by Mitchell Marner.
19:26 of 1st period - Stopped by Igor Shesterkin with a rebound.
Goals for this period are 3 for Pittsburgh Penguins vs 1 for New York Rangers.
Shots for this period are 14 for Pittsburgh Penguins vs 7 for New York Rangers.
2nd period
0:01 of 2nd period - Pierre-Luc Dubois wins face-off versus Pavel Buchnevich in neutral zone.
0:13 of 2nd period - Snap shot by Mikael Granlund.
0:13 of 2nd period - Deflect By Cole Caufield.
0:13 of 2nd period - Stopped by Marc-Andre Fleury without a rebound.
0:14 of 2nd period - Ryan Johansen wins face-off versus Andre Burakovsky in Pittsburgh Penguins zone.
0:47 of 2nd period - Snap shot by Andre Burakovsky.
0:47 of 2nd period - Deflect By Gabriel Vilardi.
0:47 of 2nd period - Stopped by Marc-Andre Fleury without a rebound.
0:48 of 2nd period - Pierre-Luc Dubois wins face-off versus Phillip Danault in Pittsburgh Penguins zone.
0:51 of 2nd period - Wrist shot by Mikael Granlund.
0:51 of 2nd period - Stopped by Marc-Andre Fleury without a rebound.
0:52 of 2nd period - Phillip Danault wins face-off versus Cole Caufield in Pittsburgh Penguins zone.
1:27 of 2nd period - Adam Larsson is hit by Jordan Eberle and loses puck.
1:45 of 2nd period - Off-side.
1:46 of 2nd period - Phillip Danault wins face-off versus Pierre-Luc Dubois in neutral zone.
2:16 of 2nd period - Slapshot by Jordan Eberle.
2:16 of 2nd period - Goal by Jordan Eberle - Pittsburgh Penguins : 4 - New York Rangers : 1.
2:17 of 2nd period - Phillip Danault wins face-off versus Pierre-Luc Dubois in neutral zone.
2:50 of 2nd period - Snap shot by Jordan Eberle.
2:50 of 2nd period - Shot Misses the Net.
3:08 of 2nd period - Wrist shot by David Kampf.
3:08 of 2nd period - Stopped by Marc-Andre Fleury without a rebound.
3:09 of 2nd period - David Kampf wins face-off versus Colton Sissons in Pittsburgh Penguins zone.
3:14 of 2nd period - Wrist shot by Tyler Motte.
3:14 of 2nd period - Shot Misses the Net.
3:16 of 2nd period - Slapshot by Adam Larsson.
3:16 of 2nd period - Shot Blocked by Ryan Suter.
3:18 of 2nd period - Snap shot by Tyler Motte.
3:18 of 2nd period - Shot Blocked by Brian Dumoulin.
3:20 of 2nd period - Slapshot by Tyler Motte.
3:20 of 2nd period - Shot Misses the Net.
3:22 of 2nd period - Slapshot by Cam Fowler.
3:22 of 2nd period - Deflect By David Kampf.
3:22 of 2nd period - Shot Blocked by Colton Sissons.
3:22 of 2nd period - Puck is out of play.
3:23 of 2nd period - Cole Caufield wins face-off versus Sam Reinhart in Pittsburgh Penguins zone.
3:26 of 2nd period - Snap shot by Mikael Granlund.
3:26 of 2nd period - Deflect By Erik Karlsson.
3:26 of 2nd period - Stopped by Marc-Andre Fleury without a rebound.
3:27 of 2nd period - Pierre-Luc Dubois wins face-off versus Phillip Danault in Pittsburgh Penguins zone.
3:54 of 2nd period - Cam Fowler is hit by Phillip Danault and loses puck.
4:07 of 2nd period - Wrist shot by Sam Reinhart.
4:07 of 2nd period - Stopped by Igor Shesterkin without a rebound.
4:08 of 2nd period - Ryan Johansen wins face-off versus Filip Chytil in New York Rangers zone.
4:09 of 2nd period - Snap shot by Jordan Eberle.
4:09 of 2nd period - Deflect By Ryan Johansen.
4:09 of 2nd period - Shot Misses the Net.
4:09 of 2nd period - Puck is out of play.
4:10 of 2nd period - Ryan Johansen wins face-off versus Filip Chytil in New York Rangers zone.
4:39 of 2nd period - Slapshot by Artemi Panarin.
4:39 of 2nd period - Shot Misses the Net.
4:59 of 2nd period - Wrist shot by Mikael Granlund.
4:59 of 2nd period - Stopped by Marc-Andre Fleury without a rebound.
5:00 of 2nd period - Leon Draisaitl wins face-off versus Pierre-Luc Dubois in Pittsburgh Penguins zone.
5:19 of 2nd period - Wrist shot by Mitchell Marner.
5:19 of 2nd period - Shot Misses the Net.
5:21 of 2nd period - Wrist shot by Leon Draisaitl.
5:21 of 2nd period - Shot Blocked by Cole Caufield.
5:23 of 2nd period - Snap shot by Mitchell Marner.
5:23 of 2nd period - Deflect By Leon Draisaitl.
5:23 of 2nd period - Stopped by Igor Shesterkin with a rebound.
5:37 of 2nd period - Wrist shot by Cole Caufield.
5:37 of 2nd period - Shot Blocked by Mitchell Marner.
5:43 of 2nd period - Slapshot by Mikael Granlund.
5:43 of 2nd period - Shot Blocked by Alexander Edler.
5:47 of 2nd period - Snap shot by Mikael Granlund.
5:47 of 2nd period - Shot Blocked by Erik Gudbranson.
5:57 of 2nd period - Wrist shot by Pierre-Luc Dubois.
5:57 of 2nd period - Shot Misses the Net.
5:59 of 2nd period - Slapshot by Mikael Granlund.
5:59 of 2nd period - Stopped by Marc-Andre Fleury with a rebound.
6:01 of 2nd period - Slapshot by Adam Larsson.
6:01 of 2nd period - Deflect By Cole Caufield.
6:01 of 2nd period - Stopped by Marc-Andre Fleury with a rebound.
6:03 of 2nd period - Snap shot by Pierre-Luc Dubois.
6:03 of 2nd period - Goal by Pierre-Luc Dubois - Pittsburgh Penguins : 4 - New York Rangers : 2.
6:04 of 2nd period - Ryan Johansen wins face-off versus Filip Chytil in neutral zone.
6:19 of 2nd period - Gabriel Landeskog is hit by Erik Karlsson and loses puck.
6:56 of 2nd period - Slapshot by Conor Garland.
6:56 of 2nd period - Shot Misses the Net.
7:18 of 2nd period - Wrist shot by Cole Caufield.
7:18 of 2nd period - Shot Blocked by Brian Dumoulin.
7:34 of 2nd period - Slapshot by Adam Larsson.
7:34 of 2nd period - Stopped by Marc-Andre Fleury without a rebound.
7:35 of 2nd period - Jean-Gabriel Pageau wins face-off versus Filip Chytil in Pittsburgh Penguins zone.
7:46 of 2nd period - Wrist shot by Leon Draisaitl.
7:46 of 2nd period - Stopped by Igor Shesterkin with a rebound.
7:48 of 2nd period - Slapshot by Alexander Edler.
7:48 of 2nd period - Stopped by Igor Shesterkin without a rebound.
7:49 of 2nd period - Nathan MacKinnon wins face-off versus Sam Reinhart in New York Rangers zone.
8:47 of 2nd period - Wrist shot by Tyler Motte.
8:47 of 2nd period - Shot Misses the Net.
8:53 of 2nd period - Minor Penalty to Tom Wilson for Hooking.
8:54 of 2nd period - Mikael Granlund wins face-off versus Colton Sissons in Pittsburgh Penguins zone.
8:59 of 2nd period - Slapshot by Mathew Barzal.
8:59 of 2nd period - Stopped by Marc-Andre Fleury with a rebound.
9:19 of 2nd period - Adam Larsson is hit by Erik Gudbranson and loses puck.
9:36 of 2nd period - Phillip Danault is hit by Pierre-Luc Dubois and loses puck.
9:54 of 2nd period - Wrist shot by Artemi Panarin.
9:54 of 2nd period - Shot Misses the Net.
10:13 of 2nd period - Jean-Gabriel Pageau is hit by Mark Giordano and loses puck.
10:28 of 2nd period - Mattias Ekholm is hit by Artemi Panarin and loses puck.
10:33 of 2nd period - Snap shot by Nathan MacKinnon.
10:33 of 2nd period - Shot Misses the Net.
10:35 of 2nd period - Backhand shot by Pierre-Luc Dubois.
10:35 of 2nd period - Stopped by Marc-Andre Fleury with a rebound.
10:37 of 2nd period - Slapshot by Adam Larsson.
10:37 of 2nd period - Deflect By Nathan MacKinnon.
10:37 of 2nd period - Stopped by Marc-Andre Fleury with a rebound.
10:39 of 2nd period - Slapshot by Pierre-Luc Dubois.
10:39 of 2nd period - Shot Misses the Net.
10:53 of 2nd period - Penalty to Tom Wilson is over, Tom Wilson is back on ice.
10:58 of 2nd period - Nathan MacKinnon is hit by Colton Sissons.
11:05 of 2nd period - Icing by Mathew Barzal.
11:06 of 2nd period - Ryan Johansen wins face-off versus Pierre-Luc Dubois in New York Rangers zone.
11:13 of 2nd period - Snap shot by Anders Lee.
11:13 of 2nd period - Stopped by Igor Shesterkin without a rebound.
11:14 of 2nd period - Filip Chytil wins face-off versus Anders Lee in New York Rangers zone.
11:39 of 2nd period - Pavel Buchnevich is hit by Conor Garland and loses puck.
11:44 of 2nd period - Wrist shot by Conor Garland.
11:44 of 2nd period - Stopped by Marc-Andre Fleury with a rebound.
11:46 of 2nd period - Snap shot by Conor Garland.
11:46 of 2nd period - Shot Misses the Net.
11:48 of 2nd period - Wrist shot by Conor Garland.
11:48 of 2nd period - Deflect By David Kampf.
11:48 of 2nd period - Stopped by Marc-Andre Fleury without a rebound.
11:49 of 2nd period - Filip Chytil wins face-off versus Ryan Johansen in Pittsburgh Penguins zone.
12:16 of 2nd period - Minor Penalty to Phillip Danault for Hooking.
12:17 of 2nd period - Jean-Gabriel Pageau wins face-off versus Mikael Granlund in Pittsburgh Penguins zone.
12:30 of 2nd period - Wrist shot by Pavel Buchnevich.
12:30 of 2nd period - Stopped by Igor Shesterkin without a rebound.
12:31 of 2nd period - Mikael Granlund wins face-off versus Jean-Gabriel Pageau in New York Rangers zone.
14:16 of 2nd period - Penalty to Phillip Danault is over, Phillip Danault is back on ice.
16:02 of 2nd period - Gabriel Landeskog is hit by Anders Lee and loses puck.
16:44 of 2nd period - Off-side.
16:45 of 2nd period - Pierre-Luc Dubois wins face-off versus Jordan Eberle in neutral zone.
16:56 of 2nd period - Backhand shot by Anders Lee.
16:56 of 2nd period - Stopped by Igor Shesterkin with a rebound.
16:58 of 2nd period - Wrist shot by Ryan Johansen.
16:58 of 2nd period - Deflect By Jordan Eberle.
16:58 of 2nd period - Shot Blocked by Dmitry Kulikov.
16:58 of 2nd period - Puck is out of play.
16:59 of 2nd period - Nathan MacKinnon wins face-off versus Jean-Gabriel Pageau in New York Rangers zone.
17:50 of 2nd period - Wrist shot by Filip Chytil.
17:50 of 2nd period - Shot Misses the Net.
17:55 of 2nd period - Icing by Jordan Eberle.
17:56 of 2nd period - Nathan MacKinnon wins face-off versus Ryan Johansen in Pittsburgh Penguins zone.
18:23 of 2nd period - Wrist shot by Ryan Johansen.
18:23 of 2nd period - Shot Misses the Net.
18:53 of 2nd period - Snap shot by Leon Draisaitl.
18:53 of 2nd period - Stopped by Igor Shesterkin with a rebound.
18:55 of 2nd period - Slapshot by Alexander Edler.
18:55 of 2nd period - Shot Misses the Net.
Goals for this period are 1 for Pittsburgh Penguins vs 1 for New York Rangers.
Shots for this period are 9 for Pittsburgh Penguins vs 15 for New York Rangers.
3rd period
0:01 of 3rd period - Phillip Danault wins face-off versus Nathan MacKinnon in neutral zone.
0:09 of 3rd period - Snap shot by Artemi Panarin.
0:09 of 3rd period - Shot Misses the Net.
0:13 of 3rd period - Wrist shot by Nathan MacKinnon.
0:13 of 3rd period - Shot Misses the Net.
0:17 of 3rd period - Wrist shot by Artemi Panarin.
0:17 of 3rd period - Stopped by Marc-Andre Fleury with a rebound.
1:13 of 3rd period - Snap shot by Gabriel Vilardi.
1:13 of 3rd period - Shot Blocked by Adam Larsson.
1:15 of 3rd period - Snap shot by Erik Karlsson.
1:15 of 3rd period - Shot Misses the Net.
1:17 of 3rd period - Wrist shot by Gabriel Vilardi.
1:17 of 3rd period - Stopped by Igor Shesterkin with a rebound.
1:30 of 3rd period - Off-side.
1:31 of 3rd period - Phillip Danault wins face-off versus Nathan MacKinnon in neutral zone.
2:31 of 3rd period - Snap shot by Mitchell Marner.
2:31 of 3rd period - Stopped by Igor Shesterkin without a rebound.
2:32 of 3rd period - Ryan Johansen wins face-off versus Nathan MacKinnon in New York Rangers zone.
2:47 of 3rd period - Wrist shot by Ryan Johansen.
2:47 of 3rd period - Stopped by Igor Shesterkin without a rebound.
2:48 of 3rd period - Pierre-Luc Dubois wins face-off versus Jean-Gabriel Pageau in New York Rangers zone.
3:05 of 3rd period - Snap shot by Mikael Granlund.
3:05 of 3rd period - Stopped by Marc-Andre Fleury with a rebound.
3:24 of 3rd period - Snap shot by Artemi Panarin.
3:24 of 3rd period - Shot Misses the Net.
4:04 of 3rd period - Mark Giordano is hit by Colton Sissons.
4:22 of 3rd period - Wrist shot by Mitchell Marner.
4:22 of 3rd period - Shot Blocked by Adam Larsson.
4:24 of 3rd period - Wrist shot by Leon Draisaitl.
4:24 of 3rd period - Shot Misses the Net.
4:32 of 3rd period - Slapshot by Mitchell Marner.
4:32 of 3rd period - Stopped by Igor Shesterkin without a rebound.
4:33 of 3rd period - Phillip Danault wins face-off versus Nathan MacKinnon in New York Rangers zone.
4:40 of 3rd period - Snap shot by Sam Reinhart.
4:40 of 3rd period - Shot Blocked by Artemi Panarin.
5:13 of 3rd period - Off-side.
5:14 of 3rd period - Pierre-Luc Dubois wins face-off versus Jean-Gabriel Pageau in neutral zone.
5:27 of 3rd period - Slapshot by Pierre-Luc Dubois.
5:27 of 3rd period - Deflect By Mikael Granlund.
5:27 of 3rd period - Shot Misses the Net.
5:27 of 3rd period - Puck is out of play.
5:28 of 3rd period - Pierre-Luc Dubois wins face-off versus Phillip Danault in Pittsburgh Penguins zone.
5:41 of 3rd period - Snap shot by Pavel Buchnevich.
5:41 of 3rd period - Stopped by Igor Shesterkin with a rebound.
5:43 of 3rd period - Wrist shot by Phillip Danault.
5:43 of 3rd period - Goal by Phillip Danault - Pittsburgh Penguins : 5 - New York Rangers : 2.
5:44 of 3rd period - Jean-Gabriel Pageau wins face-off versus Nathan MacKinnon in neutral zone.
6:23 of 3rd period - Snap shot by Jordan Eberle.
6:23 of 3rd period - Stopped by Igor Shesterkin without a rebound.
6:24 of 3rd period - Phillip Danault wins face-off versus Gabriel Landeskog in New York Rangers zone.
6:35 of 3rd period - Snap shot by Gabriel Landeskog.
6:35 of 3rd period - Stopped by Marc-Andre Fleury with a rebound.
6:56 of 3rd period - Mitchell Marner is hit by Nathan MacKinnon.
7:34 of 3rd period - Slapshot by Conor Garland.
7:34 of 3rd period - Deflect By Gabriel Vilardi.
7:34 of 3rd period - Shot Misses the Net.
7:34 of 3rd period - Puck is out of play.
7:35 of 3rd period - Phillip Danault wins face-off versus David Kampf in Pittsburgh Penguins zone.
7:39 of 3rd period - Minor Penalty to Phillip Danault for High sticking.
7:40 of 3rd period - Jean-Gabriel Pageau wins face-off versus Mikael Granlund in Pittsburgh Penguins zone.
8:27 of 3rd period - Snap shot by Leon Draisaitl.
8:27 of 3rd period - Stopped by Igor Shesterkin without a rebound.
8:28 of 3rd period - Mikael Granlund wins face-off versus Jean-Gabriel Pageau in New York Rangers zone.
8:52 of 3rd period - Artemi Panarin is hit by Leon Draisaitl and loses puck.
9:39 of 3rd period - Penalty to Phillip Danault is over, Phillip Danault is back on ice.
9:43 of 3rd period - Brian Dumoulin is hit by Tyler Motte and loses puck.
10:04 of 3rd period - Snap shot by Anders Lee.
10:04 of 3rd period - Shot Misses the Net.
10:06 of 3rd period - Slapshot by Ryan Johansen.
10:06 of 3rd period - Deflect By Anders Lee.
10:06 of 3rd period - Stopped by Igor Shesterkin without a rebound.
10:07 of 3rd period - Pierre-Luc Dubois wins face-off versus Colton Sissons in New York Rangers zone.
10:58 of 3rd period - Backhand shot by Andre Burakovsky.
10:58 of 3rd period - Stopped by Marc-Andre Fleury without a rebound.
10:59 of 3rd period - Phillip Danault wins face-off versus Nathan MacKinnon in Pittsburgh Penguins zone.
11:59 of 3rd period - Wrist shot by Gabriel Landeskog.
11:59 of 3rd period - Shot Misses the Net.
12:31 of 3rd period - Wrist shot by Artemi Panarin.
12:31 of 3rd period - Shot Hit the Post.
12:54 of 3rd period - Jordan Eberle is hit by Pierre-Luc Dubois and loses puck.
13:12 of 3rd period - Snap shot by Colton Sissons.
13:12 of 3rd period - Stopped by Igor Shesterkin with a rebound.
13:41 of 3rd period - Backhand shot by Leon Draisaitl.
13:41 of 3rd period - Shot Misses the Net.
13:43 of 3rd period - Wrist shot by Jean-Gabriel Pageau.
13:43 of 3rd period - Stopped by Igor Shesterkin without a rebound.
13:44 of 3rd period - Phillip Danault wins face-off versus Nathan MacKinnon in New York Rangers zone.
13:53 of 3rd period - Wrist shot by Mathew Barzal.
13:53 of 3rd period - Stopped by Marc-Andre Fleury with a rebound.
13:55 of 3rd period - Wrist shot by Mathew Barzal.
13:55 of 3rd period - Shot Misses the Net.
13:57 of 3rd period - Wrist shot by Dmitry Kulikov.
13:57 of 3rd period - Stopped by Marc-Andre Fleury with a rebound.
13:59 of 3rd period - Wrist shot by Artemi Panarin.
13:59 of 3rd period - Stopped by Marc-Andre Fleury with a rebound.
14:01 of 3rd period - Wrist shot by Mathew Barzal.
14:01 of 3rd period - Stopped by Marc-Andre Fleury with a rebound.
14:07 of 3rd period - Minor Penalty to Pavel Buchnevich for Interference.
14:08 of 3rd period - Jean-Gabriel Pageau wins face-off versus Mikael Granlund in Pittsburgh Penguins zone.
14:17 of 3rd period - Slapshot by Leon Draisaitl.
14:17 of 3rd period - Shot Blocked by Adam Larsson.
15:25 of 3rd period - Phillip Danault is hit by David Kampf.
16:07 of 3rd period - Penalty to Pavel Buchnevich is over, Pavel Buchnevich is back on ice.
16:23 of 3rd period - Slapshot by Matthew Benning.
16:23 of 3rd period - Stopped by Marc-Andre Fleury with a rebound.
16:25 of 3rd period - Slapshot by Matthew Benning.
16:25 of 3rd period - Stopped by Marc-Andre Fleury with a rebound.
16:34 of 3rd period - Off-side.
16:35 of 3rd period - Filip Chytil wins face-off versus Phillip Danault in neutral zone.
16:40 of 3rd period - Snap shot by Dmitry Kulikov.
16:40 of 3rd period - Stopped by Marc-Andre Fleury with a rebound.
16:42 of 3rd period - Wrist shot by Andre Burakovsky.
16:42 of 3rd period - Goal by Andre Burakovsky - Pittsburgh Penguins : 5 - New York Rangers : 3.
16:43 of 3rd period - Filip Chytil wins face-off versus Ryan Johansen in neutral zone.
16:45 of 3rd period - Off-side.
16:46 of 3rd period - Ryan Johansen wins face-off versus Filip Chytil in neutral zone.
17:20 of 3rd period - Snap shot by Gabriel Vilardi.
17:20 of 3rd period - Shot Misses the Net.
17:22 of 3rd period - Slapshot by Alexander Edler.
17:22 of 3rd period - Stopped by Igor Shesterkin without a rebound.
17:23 of 3rd period - Ryan Johansen wins face-off versus Filip Chytil in New York Rangers zone.
17:28 of 3rd period - Wrist shot by Jordan Eberle.
17:28 of 3rd period - Stopped by Igor Shesterkin without a rebound.
17:29 of 3rd period - Gabriel Landeskog wins face-off versus Ryan Johansen in New York Rangers zone.
19:19 of 3rd period - Slapshot by Erik Karlsson.
19:19 of 3rd period - Shot Misses the Net.
19:23 of 3rd period - Snap shot by Tom Wilson.
19:23 of 3rd period - Stopped by Igor Shesterkin without a rebound.
19:24 of 3rd period - David Kampf wins face-off versus Gabriel Vilardi in New York Rangers zone.
19:24 of 3rd period - David Kampf is hit by Erik Karlsson.
19:57 of 3rd period - Snap shot by Gabriel Landeskog.
19:57 of 3rd period - Stopped by Marc-Andre Fleury without a rebound.
19:58 of 3rd period - Ryan Johansen wins face-off versus Filip Chytil in Pittsburgh Penguins zone.
Goals for this period are 1 for Pittsburgh Penguins vs 1 for New York Rangers.
Shots for this period are 14 for Pittsburgh Penguins vs 13 for New York Rangers.
Back to the Top